 Dungeon Crawl Stone Soup version 0.21.1-1-g345015fe64 (webtiles) character file.

5681 stick0rick the Protected (level 10, -8/96 HPs)
             Began as a Deep Dwarf Fighter on June 4, 2018.
             Mangled by a 15-headed hydra (10 damage)
             ... on level 8 of the Dungeon.
             The game lasted 00:23:43 (5474 turns).

stick0rick the Protected (Deep Dwarf Fighter)       Turns: 5474, Time: 00:23:43

Health: -8/96      AC: 20    Str: 24    XL:     10   Next: 47%
Magic:  2/2        EV:  4    Int:  8    God:
Gold:   15         SH: 20    Dex: 15    Spells: 9/9 levels left

rFire    . . .     SeeInvis .   a - +0 war axe
rCold    . . .     Gourm    .   r - +2 large shield
rNeg     . . .     Faith    .   N - +0 plate armour
rPois    .         Spirit   .   I - +0 helmet
rElec    .         Reflect  .   (no cloak)
rCorr    .         Harm     +   (no gloves)
MR       +....                  C - +0 pair of boots
Stlth    ..........             n - amulet of harm
HPRegen  0.00/turn              A - +3 ring of protection
MPRegen  0.08/turn              O - +3 ring of dexterity

@: non-regenerating
A: damage resistance, heal wounds, sense surroundings 2, no regeneration
a: Heal Wounds


You were on level 8 of the Dungeon.
You were not hungry.

You visited 1 branch of the dungeon, and saw 8 of its levels.

You collected 15 gold pieces.

Inventory:

Hand Weapons
 a - a +0 war axe (weapon)
 M - a +0 war axe
 R - a +1 hand axe of flaming
Armour
 b - a +0 scale mail
 c - a +0 shield
 e - a +0 helmet
 r - a +2 large shield (worn)
 C - a +0 pair of boots (worn)
 G - a +0 chain mail
 I - a +0 helmet (worn)
 N - a +0 plate armour (worn)
Jewellery
 n - an amulet of harm (around neck)
 o - an uncursed ring of flight
 q - a +5 ring of evasion
 A - a +3 ring of protection (left hand)
 F - a +3 ring of intelligence
 H - an uncursed amulet of faith
 K - a cursed -2 ring of protection
 O - a +3 ring of dexterity (right hand)
Wands
 y - a wand of disintegration (10)
 B - a wand of iceblast (13)
 L - a wand of digging (12)
Scrolls
 g - 3 scrolls of immolation {unknown}
 i - a scroll of identify
 m - 3 scrolls of magic mapping {unknown}
 p - a scroll of amnesia {unknown}
 s - 3 scrolls of enchant armour {unknown}
 t - a scroll of fog {unknown}
 u - 3 scrolls of teleportation {unknown}
 w - 3 scrolls of blinking {unknown}
 x - a scroll of enchant weapon {unknown}
 E - 3 scrolls of random uselessness {unknown}
Potions
 d - 3 potions of might
 h - a potion of cancellation {unknown}
 j - a potion of mutation {unknown}
 k - 2 potions of resistance {unknown}
 l - a potion of lignification {unknown}
 v - 4 potions of heal wounds
 z - a potion of invisibility {unknown}
 D - a potion of degeneration {unknown}
 J - a potion of brilliance {unknown}
 P - a potion of curing {unknown}
Books
 Q - a Young Poisoner's Handbook

   Spells                             Type                      Level
   a - Sting                          Conjuration/Poison           1
   b - Poisonous Vapours              Poison/Air                   2
   c - Mephitic Cloud                 Conjuration/Poison/Air       3
   d - Olgreb's Toxic Radiance        Poison                       4
   e - Venom Bolt                     Conjuration/Poison           5
Comestibles
 f - 17 rations


   Skills:
 + Level 7.7 Fighting
 + Level 9.0 Axes
 + Level 9.4 Armour
 + Level 9.3 Shields


You had 9 spell levels left.
You didn't know any spells.

Dungeon Overview and Level Annotations

Branches:
Dungeon (8/15)             Temple (0/1) D:4
   Lair: D:8-11

Altars:
Elyvilon

Annotations:
D:8 Maurice


Innate Abilities, Weirdness & Mutations

You are resistant to damage.
You can heal yourself by infusing magical energy.
You passively map the area around you.
You do not regenerate.


Message History

The 15-headed hydra bites you!
* * * LOW HITPOINT WARNING * * *
You block the 15-headed hydra's attack.
The 15-headed hydra bites you but does no damage. x3
The 15-headed hydra bites you!
* * * LOW HITPOINT WARNING * * *
The 15-headed hydra bites you but does no damage.
The 15-headed hydra barely misses you.
Unknown command.
Unknown command.
Unknown command.
You hit the 15-headed hydra but do no damage.
The 15-headed hydra is lightly wounded.
The 15-headed hydra bites you but does no damage.
You block the 15-headed hydra's attack.
The 15-headed hydra bites you but does no damage. x2
The 15-headed hydra bites you.
* * * LOW HITPOINT WARNING * * *
The 15-headed hydra bites you!
You die...

####..## ##.# #.##
###############...
#..#.....#.....###
#..'....≈#........
#..'.P..)#.....#..
#..'....†(.#######
#@.#....†### #
#D##P≈P.≈# #
#K.#≈≈≈≈P#
#.)+.P≈PP#########
###########.......
#....... #..<....
#....... #.......


You could see a 15-headed hydra and a big kobold.

Vanquished Creatures
  Erica (D:8)
  2 two-headed ogres (D:8)
  The ghost of Gargoyl the Covered, a novice CeAK of Lugonu (D:7)
  2 dream sheep (D:8)
  2 yaks (D:8)
  A water moccasin (D:5)
  2 orc warriors
  A phantom (D:4)
  5 ogres
  2 centaurs (D:5)
  2 big kobolds (D:8)
  2 scorpions
  5 killer bees (D:7)
  A water moccasin skeleton (D:4)
  4 wights (D:7)
  3 crimson imps
  2 bullfrog zombies
  2 bullfrog skeletons
  A centaur skeleton (D:6)
  3 hounds
  A jelly (D:6)
  4 orc wizards
  5 orc priests
  An iguana (D:3)
  4 worker ants
  A hound zombie (D:8)
  A hound skeleton (D:7)
  A worker ant zombie (D:5)
  8 adders
  2 shadow imps
  2 oozes
  An adder zombie (D:5)
  3 leopard geckos (D:4)
  18 orcs
  3 ball pythons
  3 giant cockroaches
  6 goblins
  4 hobgoblins
  9 jackals
  7 quokkas
  A ball python skeleton (D:4)
  5 bats
  3 frilled lizards
  A giant cockroach zombie (D:6)
  4 kobolds
  2 rats
  4 plants (D:5)
148 creatures vanquished.

Notes
Turn   | Place    | Note
-------+----------+-------------------------------------------
     0 | D:1      | stick0rick the Deep Dwarf Fighter began the quest for the Orb.
     0 | D:1      | Reached XP level 1. HP: 20/20 MP: 1/1
   128 | D:1      | Reached XP level 2. HP: 27/27 MP: 2/2
  1126 | D:2      | Reached XP level 3. HP: 28/33 MP: 3/3
  1661 | D:3      | Reached XP level 4. HP: 42/42 MP: 3/3
  1675 | D:3      | Reached XP level 5. HP: 31/49 MP: 4/4
  1947 | D:4      | Noticed a phantom
  1961 | D:4      | Killed a phantom
  1961 | D:4      | Reached XP level 6. HP: 40/57 MP: 5/5
  1983 | D:4      | Reached skill level 5 in Armour
  2240 | D:4      | Found a staircase to the Ecumenical Temple.
  2577 | D:4      | Reached skill level 5 in Shields
  2761 | D:5      | Entered Level 5 of the Dungeon
  2885 | D:5      | Reached XP level 7. HP: 49/64 MP: 6/6
  3223 | D:5      | Reached skill level 5 in Axes
  3701 | D:6      | Reached XP level 8. HP: 58/73 MP: 7/7
  3715 | D:6      | Reached skill level 5 in Fighting
  4383 | D:7      | Noticed Gargoyl's ghost (novice CeAK)
  4398 | D:7      | Killed Gargoyl's ghost
  4398 | D:7      | Gained mutation: You passively map the area around you. [Deep Dwarf growth]
  4398 | D:7      | Reached XP level 9. HP: 48/82 MP: 5/5
  5009 | D:8      | Noticed Maurice
  5231 | D:8      | Found a white marble altar of Elyvilon.
  5231 | D:8      | Noticed a two-headed ogre
  5231 | D:8      | Noticed a two-headed ogre
  5243 | D:8      | Killed a two-headed ogre
  5245 | D:8      | Killed a two-headed ogre
  5245 | D:8      | Reached XP level 10. HP: 52/94 MP: 5/5
  5302 | D:8      | Noticed Erica
  5351 | D:8      | Killed Erica
  5444 | D:8      | Noticed a three-headed hydra
  5473 | D:8      | HP: 3/96 [15-headed hydra (9)]
  5474 | D:8      | Mangled by a 15-headed hydra

Skill      XL: |  1  2  3  4  5  6  7  8  9 10 |
---------------+-------------------------------+-----
Fighting       | 3 4 6 7 |  7.7
Armour         | 4 5 6 7 8 9 |  9.4
Shields        | 4 5 6 7 8 9 |  9.3
Axes           | 3 4 5 6 8 9 |  9.0

Action                   |  1- 3 |  4- 6 |  7- 9 | 10-12 || total
-------------------------+-------+-------+-------+-------++-------
Melee: War axe           |   103 |   110 |   378 |    78 ||   669
 Abil: Heal Wounds       |     2 |     4 |    15 |    15 ||    36
  Use: Potion            |       |     1 |       |       ||     1
       Scroll            |       |       |    11 |     1 ||    12
  Eat: Chunk             |     1 |     2 |     7 |       ||    10
       Ration            |       |     1 |       |     1 ||     2
Armor: Scale mail        |    50 |    46 |    66 |       ||   162
       Plate armour      |       |       |    35 |   128 ||   163
       Chain mail        |       |       |     5 |       ||     5
Dodge: Dodged            |    42 |    66 |   153 |    33 ||   294
Block: Shield            |    62 |    79 |   194 |       ||   335
       Large shield      |       |       |    19 |   131 ||   150
